 Dungeon Crawl Stone Soup version 0.30.0-5-g1a98f26d00 (webtiles) character file.

Game seed: 14613480818389449241

66 qeuew the Slasher (level 3, -2/28 HPs)
             Began as a Demonspawn Gladiator on May 8, 2023.
             Slain by Natasha (4 damage)
             ... on level 2 of the Dungeon.
             The game lasted 00:01:07 (1110 turns).

qeuew the Slasher (Demonspawn Gladiator)            Turns: 1110, Time: 00:01:07

Health: -2/28      AC:  4    Str: 12 (14) XL:     3   Next: 96%
Magic:  3/3        EV: 12    Int:  9      God:
Gold:   47         SH:  0    Dex: 13 (16) Spells: 2/2 levels left

rFire   . . .        a - +0 long sword
rCold   . . .        (no shield)
rNeg    . . .        b - +0 leather armour
rPois   .            c - +0 helmet
rElec   .            (no cloak)
rCorr   .            (no gloves)
SInv    .            (no boots)
Will    .....        (no amulet)
Stlth   +            (no ring)
HPRegen 0.24/turn    (no ring)
MPRegen 0.08/turn

%: no passive effects
@: slowed, very slow
A: weakness stinger 1, deterioration 1, high MP 1
a: no special abilities


You were on level 2 of the Dungeon.
You visited 1 branch of the dungeon, and saw 2 of its levels.

You collected 47 gold pieces.

Inventory:

Hand Weapons
 a - a +0 long sword (weapon)
Missiles
 d - 3 throwing nets (quivered)
 e - a javelin
Armour
 b - a +0 leather armour (worn)
 c - a +0 helmet (worn)
Jewellery
 g - a ring of flight
Scrolls
 h - a scroll of identify {unknown}
 i - a scroll of teleportation {unknown}
Potions
 f - a potion of curing {unknown}


   Skills:
 + Level 2.5 Fighting
 * Level 3.3 Long Blades
 + Level 2.2 Throwing
 + Level 1.0 Armour
 + Level 3.0 Dodging


You had 2 spell levels left.
You didn't know any spells.
Your spell library was empty.

Dungeon Overview and Level Annotations

Branches:
Dungeon (2/15)

Altars:

Annotations:
D:2 Natasha


Innate Abilities, Weirdness & Mutations

You have a small tail.
Your body sometimes deteriorates upon taking damage.
You have an increased reservoir of magic. (+10% MP)


Message History

You feel your intelligence returning.
Your Armour skill increases to level 1!
Natasha, Servant of Life and Death comes into view.
Natasha mumbles some strange words.
You feel disoriented.
You see here a ball python corpse.
Natasha is nearby!
Natasha stares at you and mumbles some strange words.
You feel yourself slow down.
Natasha is nearby!
Natasha is nearby!
You barely miss Natasha.
Your tail-slap misses Natasha.
Natasha claws you.
Natasha mumbles some strange words.
You feel troubled.
Natasha mumbles some strange words.
You closely miss Natasha. Natasha claws you.
Natasha casts a spell.
The cerulean imp misses you.
There are monsters nearby!
There are monsters nearby!
You are too injured to fight recklessly!
You are too injured to fight recklessly!
There are monsters nearby!
Unknown command.
You hit Natasha.
Your tail-slap misses Natasha.
Natasha is lightly wounded.
Natasha barely misses you.
The cerulean imp hits you from afar with a +0 spear.
The cerulean imp hits you with a +1 spear.
Natasha claws you.
* * * LOW HITPOINT WARNING * * *
The cerulean imp hits you from afar with a +0 spear.
* * * LOW HITPOINT WARNING * * *
You slash Natasha!
Natasha is heavily wounded.
The cerulean imp hits you with a +1 spear.
* * * LOW HITPOINT WARNING * * *
Natasha mewls in sadness.
Natasha claws you.
You die...

##..#'###....#..
.##
#.......<#####
#........#
#........#####.#
#...............
#..>.....#####.#
#.......†......#
#.....5..#.......
#...5h@..#......#
##..####.........
#.. ..#......# ..
..#.......
#..#####... ...#
... .#


You could see Natasha and 2 cerulean imps.

Vanquished Creatures
  Natasha (D:2)
  4 dart slugs
  5 endoplasms
  A giant cockroach (D:1)
  6 hobgoblins
  3 ball pythons
  2 bats
  2 frilled lizards
  3 goblins (D:1)
  4 kobolds (D:1)
  A rat (D:1)
32 creatures vanquished.

Notes
Turn   | Place    | Note
-------+----------+-------------------------------------------
     0 | D:1      | qeuew the Demonspawn Gladiator began the quest for the Orb.
     0 | D:1      | Reached XP level 1. HP: 16/16 MP: 1/1
   303 | D:1      | Gained mutation: You have a small tail. [demonic ancestry]
   303 | D:1      | Reached XP level 2. HP: 22/22 MP: 2/2
   745 | D:1      | Reached XP level 3. HP: 28/28 MP: 3/3
   802 | D:1      | Gained mutation: You have an increased reservoir of magic.
                  | (+10% MP) [potion of mutation]
   802 | D:1      | Gained mutation: Your body sometimes deteriorates upon
                  | taking damage. [potion of mutation]
  1080 | D:2      | Noticed Natasha
  1093 | D:2      | Killed Natasha
  1094 | D:2      | Reached skill level 1 in Armour
  1103 | D:2      | Noticed Natasha
  1110 | D:2      | Slain by Natasha

Illustrated notes

Levels and vault maps discovered:
D:1:      beargit_arrival_greenhouse, layout_loops_corners
D:2:      layout_basic, eino_curves_04, uniq_natasha

Skill      XL: |  1  2  3 |
---------------+----------+-----
Throwing       | 2 |  2.2
Long Blades    | 3 |  3.3
Dodging        | 3 |  3.0
Armour         | 1 |  1.0
Fighting       | |  2.5

Action                     || total
---------------------------++-------
  Melee: Long sword        ||    84
         Tailslap          ||     7
         Punch             ||     1
    Use: Potion            ||     3
   Stab: Sleeping          ||     1
 Armour: Leather armour    ||    22
  Dodge: Dodged            ||    53
